 Dungeon Crawl Stone Soup version 0.32-a0-120-gfac0567ad4 (webtiles) character file.

Game seed: 4605495396650643965

60 lunkers the Poker (level 4, -1/44 HPs)
             Began as an Oni Gladiator on Feb 6, 2024.
             Slain by a gnoll
             ... wielding a +0 spear
              (6 damage)
             ... on level 2 of the Dungeon.
             The game lasted 00:01:28 (655 turns).

lunkers the Poker (Oni Gladiator)                    Turns: 655, Time: 00:01:28

Health: -1/44      AC:  3    Str: 20    XL:     4   Next: 4%
Magic:  4/4        EV: 10    Int:  9    God:
Gold:   49         SH:  0    Dex: 10    Spells: 3/3 levels left

rFire   . . .        a - +0 trident
rCold   . . .        (no shield)
rNeg    . . .        b - +0 robe
rPois   .            c - +0 hat
rElec   .            (no cloak)
rCorr   .            (gloves unavailable)
SInv    .            (boots unavailable)
Will    .....        (no amulet)
Stlth   +            (no ring)
HPRegen 0.27/turn    (no ring)
MPRegen 0.09/turn

%: no passive effects
@: lethally poisoned (-1 -> -4)
A: large, unfitting armour, horns 1, tough skin 1, double potion healing,
drunken brawling
a: no special abilities


You were on level 2 of the Dungeon.
You visited 1 branch of the dungeon, and saw 2 of its levels.

You collected 49 gold pieces.

Inventory:

Hand Weapons
 a - a +0 trident (weapon)
Missiles
 d - 3 throwing nets
 e - a large rock
Armour
 b - a +0 robe (worn)
 c - a +0 hat (worn)
Scrolls
 g - 3 scrolls of vulnerability {unknown}
 j - a scroll of revelation {unknown}
Potions
 f - a potion of might {unknown}
 h - 2 potions of lignification {unknown}
 i - a potion of mutation {unknown}


   Skills:
 - Level 2.6 Fighting
 + Level 4.8 Polearms
 - Level 2.0 Throwing
 - Level 2.6 Dodging


You had 3 spell levels left.
You didn't know any spells.
Your spell library was empty.

Dungeon Overview and Level Annotations

Branches:
Dungeon (2/15)

Altars:


Innate Abilities, Weirdness & Mutations

You are too large for most types of armour.
You have a pair of small horns on your head.
You have tough skin. (AC +1)
You gain doubled healing and magic from potions.
Whenever you drink a healing potion, you attack all around you.


Message History

You puncture the quokka!
You kill the quokka!
You hear an angry hiss.
An adder comes into view.
You miss the adder. The adder bites you but does no damage.
The gnoll hits you with a +0 club.
You puncture the adder! Your headbutt misses the adder.
The adder is almost dead.
The adder bites you. The adder closely misses you.
The gnoll completely misses you. The adder bites you.
The adder barely misses you.
You barely miss the adder.
The adder is almost dead.
The adder barely misses you. The gnoll closely misses you.
The gnoll hits you from afar with a +0 spear.
The adder bites you.
You hit the adder.
You kill the adder!
The adder bites you but does no damage. The gnoll hits you with a +0 club.
* * * LOW HITPOINT WARNING * * *
The gnoll hits you from afar with a +0 spear.
* * * LOW HITPOINT WARNING * * *
The adder bites you.
* * * LOW HITPOINT WARNING * * *
You are poisoned.
The adder poisons you!
You have reached level 4!
You feel sick.
You feel sick. The gnoll attacks as it pursues you!
The gnoll hits you with a +0 club.
* * * LOW HITPOINT WARNING * * *
Reach: a) +0 trident
Press: ? - help, Dir - move target, f - gnoll
Aim: a gnoll, wielding a +0 club (about 39% to evade your +0 trident)
You hit the gnoll. You headbutt the gnoll.
The gnoll is moderately wounded.
You feel sick. The gnoll hits you with a +0 club.
* * * LOW HITPOINT WARNING * * *
The gnoll hits you from afar with a +0 spear.
You die...

... ... #.. #
#.#.# ####.#.#.##
### ###
#..†Sg....# #..
..##### #g#
#.#####†#... #g#
...(..#†#.######@#
.............>...#
#.#...#.#.###.####
.<..#.....# #.#
#####.#...# #.#
......#...# #.#
########.####.#
###.......#.#
#......#.#.#.#


You could see 3 gnolls and an adder.

Vanquished Creatures
  3 adders (D:2)
  A dart slug (D:2)
  2 ball pythons (D:1)
  A bat (D:1)
  3 endoplasms
  A giant cockroach (D:1)
  5 hobgoblins (D:1)
  4 jackals (D:1)
  4 kobolds
  2 quokkas
  3 frilled lizards (D:1)
29 creatures vanquished.

Notes
Turn   | Place    | Note
-------+----------+-------------------------------------------
     0 | D:1      | lunkers the Oni Gladiator began the quest for the Orb.
     0 | D:1      | Reached XP level 1. HP: 22/22 MP: 1/1
    80 | D:1      | Reached XP level 2. HP: 29/29 MP: 2/2
   184 | D:1      | Reached skill level 4 in Polearms
   315 | D:1      | Reached XP level 3. HP: 36/36 MP: 3/3
   653 | D:2      | Reached XP level 4. HP: 16/44 MP: 4/4
   655 | D:2      | Slain by a gnoll

Illustrated notes

Levels and vault maps discovered:
D:1:      saegor_arrival_simple_a, layout_basic
D:2:      layout_basic

Skill      XL: |  1  2 |
---------------+-------+-----
Polearms       | 4 |  4.8
Fighting       | |  2.6
Throwing       | |  2.0
Dodging        | |  2.6

Action                     |  1- 3 |  4- 6 || total
---------------------------+-------+-------++-------
  Melee: Trident           |    62 |     1 ||    63
         Headbutt          |     8 |     1 ||     9
         Punch             |     1 |       ||     1
   Stab: Sleeping          |     1 |       ||     1
 Armour: Robe              |    49 |     3 ||    52
  Dodge: Dodged            |    25 |       ||    25

Table legend: (Time is in decaauts)
 A = Elapsed time spent in this place.
 B = Non-inter-level travel time spent in this place.
 C = Inter-level travel time spent in this place.
 D = Time resting spent in this place.
 E = Time spent auto-exploring this place.
 F = Levels seen in this place.
 G = Mean time per level.
                   A        B        C        D        E       F      G
               +--------+--------+--------+--------+--------+-----+--------+
         Total |    661 |    655 |      6 |      0 |    505 |   2 |  330.5 |
       Dungeon |    661 |    655 |      6 |      0 |    505 |   2 |  330.5 |
               +--------+--------+--------+--------+--------+-----+--------+

Top non-repeatable levels by time:
     D:1: 421 daAuts
     D:2: 239 daAuts
